 Dungeon Sprint DCSS version 0.28-a0-1130-gc51a68064b (webtiles) character file.

Game seed: 3374433813784528304

660 rocky1 the Zephyrmancer (level 7, -13/40 HPs)
             Began as a Deep Elf Air Elementalist on Dec 11, 2021.
             Was a High Priest of Sif Muna.
             Mangled by a merfolk (25 damage)
             ... in the Dungeon (Sprint VII: "The Pits") on Dec 13, 2021.
             The game lasted 00:09:53 (1143 turns).

rocky1 the Zephyrmancer (Deep Elf Air Elementalist) Turns: 1143, Time: 00:09:54

Health: -13/40     AC:  2    Str:  5    XL:     7   Next: 30%
Magic:  0/16       EV: 14    Int: 22    God:    Sif Muna [*****.]
Gold:   0          SH:  0    Dex: 15    Spells: 6/16 levels left

rFire   . . .      SeeInvis .   h - +2 quarterstaff (spect)
rCold   . . .      Faith    .   (shield currently unavailable)
rNeg    . . .      Spirit   .   a - +0 robe
rPois   .          Reflect  .   (no helmet)
rElec   .          Harm     .   (no cloak)
rCorr   .          Rampage  .   (no gloves)
Will    .....      NoTele   +   (no boots)
Stlth   ++........              (no amulet)
HPRegen 0.13/turn               (no ring)
MPRegen 0.15/turn               (no ring)

@: no status effects
A: no striking features
a: Renounce Religion, Channel Magic, Forget Spell, Divine Exegesis


You were in the Dungeon.
You worshipped Sif Muna.
Sif Muna was extremely pleased with you.
You visited 1 branch

Inventory:

Hand Weapons
 h - a +2 spectral quarterstaff (weapon)
 l - a +0 quarterstaff of speed
Armour
 a - a +0 robe (worn)
 m - a +0 troll leather armour {Pargi}
Scrolls
 j - 5 scrolls of amnesia
 k - a scroll of summoning
Potions
 b - 4 potions of curing
 c - 3 potions of heal wounds
 d - a potion of haste
 e - 3 potions of magic
 f - 3 potions of berserk rage
 i - 2 potions of invisibility


   Skills:
 - Level 2.4 Fighting
 - Level 4.6 Dodging
 - Level 2.4 Stealth
 - Level 5.2 Spellcasting
 - Level 1.1 Conjurations
 + Level 12.0 Air Magic
 + Level 10.0 Invocations


You had 6 spell levels left.
You knew the following spells:

 Your Spells              Type           Power      Damage    Failure   Level
a - Shock                 Conj/Air       100%       1d9       1%          1
b - Static Discharge      Conj/Air       34%        N/A       1%          2
c - Airstrike             Air            28%        N/A       1%          4
d - Swiftness             Air            56%        N/A       1%          3

Your spell library contained the following spells:

 Spells                   Type           Power      Damage    Failure   Level
 Corpse Rot               Necr/Air       64%        N/A       1%          2
 Poisonous Vapours        Pois/Air       64%        N/A       1%          2


Dungeon Overview and Level Annotations

Branches:
Dungeon (1/1)

Altars:
Ashenzari
Cheibriados
Dithmenos
Elyvilon
Fedhas
Gozag
Hepliaklqana
Kikubaaqudgha
Makhleb
Nemelex Xobeh
Okawaru
Qazlal
Ru
Sif Muna
Trog
Uskayaw
Vehumet
Wu Jian
Xom
Yredelemnul
Zin
The Shining One
Beogh
Jiyva
Lugonu

Annotations:
D Urug


Message History

Magic courses through your body.
The merfolk hits you from afar with a +0 trident!
Unknown command.
Casting: Airstrike (dangerous; 1% risk of failure)
Confirm with . or Enter, or press ? or * to list all spells.
Aiming: Airstrike (dangerous; 1% risk of failure)
Press: ? - help, Dir - move target, f - merfolk
Aim: a merfolk, wielding a +0 trident (lightly wounded, empty space bonus: 1/8)
The air twists around and strikes the merfolk!
The merfolk is moderately wounded.
The merfolk hits you from afar with a +0 trident!
Unknown command.
Casting: Airstrike (dangerous; 1% risk of failure)
Confirm with . or Enter, or press ? or * to list all spells.
Aiming: Airstrike (dangerous; 1% risk of failure)
Press: ? - help, Dir - move target, f/p - merfolk
Aim: a merfolk, wielding a +0 trident (moderately wounded, empty space bonus: 1/8)
The air twists around and strikes the merfolk!
The merfolk is heavily wounded.
The merfolk hits you from afar with a +0 trident.
* * * LOW HITPOINT WARNING * * *
Casting: Airstrike (dangerous; 1% risk of failure)
Confirm with . or Enter, or press ? or * to list all spells.
Aiming: Airstrike (dangerous; 1% risk of failure)
Press: ? - help, Dir - move target, f/p - merfolk
Aim: a merfolk, wielding a +0 trident (heavily wounded, empty space bonus: 1/8)
The air twists around and strikes the merfolk!
The merfolk is severely wounded.
The merfolk barely misses you.
Unknown command.
Casting: Airstrike (dangerous; 1% risk of failure)
Confirm with . or Enter, or press ? or * to list all spells.
Aiming: Airstrike (dangerous; 1% risk of failure)
Press: ? - help, Dir - move target, f/p - merfolk
Aim: a merfolk, wielding a +0 trident (severely wounded, empty space bonus: 1/8)
The air twists around and strikes the merfolk.
The merfolk is severely wounded.
The merfolk hits you from afar with a +0 trident!!
Ouch! That really hurt!
You die...

_______...#######
##########'##.....
#.?(.')))'.##.....
##########.##.....
#...........'.....
#'#####'#####.....
#.#...#.#..##.....
#.#...#.#))#####'#
#@#...†)#))##.....
#.##)####).##.....
#m#.....#[[##.....
#o#.....#'###...<.
#.#........##.....
#.#........##.....
#'###########.....
#..)....#.. ######
#...#...#.# ####


You could see Urug and a merfolk.

Vanquished Creatures
  A fire bat (D)
  A floating eye (D)
  Pargi (D)
  A wolf (D)
  A scorpion (D)
  A killer bee (D)
  A gnoll shaman (D)
  An iron imp (D)
  An orc wizard (D)
  3 gnolls (D)
  An ufetubus (D)
  2 adder skeletons (D)
  An orc (D)
  A bat (D)
  2 endoplasms (D)
  A giant cockroach (D)
  A hobgoblin (D)
  A quokka (D)
  A ball python skeleton (D)
  2 kobolds (D)
  A quokka skeleton (D)
26 creatures vanquished.

Notes
Turn   | Place    | Note
-------+----------+-------------------------------------------
     0 | D        | rocky1 the Deep Elf Air Elementalist began the quest for
                  | the Orb.
     0 | D        | Reached XP level 1. HP: 10/10 MP: 6/6
    64 | D        | Upgraded the game from 0.28-a0-1087-gf3fc490d9d to
                  | 0.28-a0-1130-gc51a68064b
    67 | D        | Found a bloodstained altar of Trog.
    67 | D        | Found a shimmering blue altar of Sif Muna.
    67 | D        | Found a viscous altar of Jiyva.
    67 | D        | Found a hazy altar of Hepliaklqana.
    67 | D        | Found an opulent altar of Gozag.
    68 | D        | Found a glowing golden altar of the Shining One.
    68 | D        | Found a glowing silver altar of Zin.
    68 | D        | Found a basalt altar of Yredelemnul.
    68 | D        | Found a shimmering altar of Xom.
    68 | D        | Found an ornate altar of the Wu Jian Council.
    68 | D        | Found a sacrificial altar of Ru.
    68 | D        | Found a stormy altar of Qazlal.
    68 | D        | Found an iron altar of Okawaru.
    68 | D        | Found a sparkling altar of Nemelex Xobeh.
    68 | D        | Found a burning altar of Makhleb.
    68 | D        | Found a blossoming altar of Fedhas.
    68 | D        | Found a white marble altar of Elyvilon.
    68 | D        | Found a shadowy altar of Dithmenos.
    68 | D        | Found a snail-covered altar of Cheibriados.
    71 | D        | Found a corrupted altar of Lugonu.
    71 | D        | Found a radiant altar of Vehumet.
    72 | D        | Found an ancient bone altar of Kikubaaqudgha.
    72 | D        | Found a hide-covered altar of Uskayaw.
    72 | D        | Found a broken altar of Ashenzari.
    73 | D        | Became a worshipper of Sif Muna the Loreminder
   113 | D        | Reached skill level 4 in Air Magic
   133 | D        | Reached * piety under Sif Muna
   207 | D        | Reached skill level 5 in Air Magic
   207 | D        | Reached XP level 2. HP: 10/15 MP: 4/8
   207 | D        | Reached ** piety under Sif Muna
   349 | D        | Learned a level 2 spell: Static Discharge
   357 | D        | Reached skill level 6 in Air Magic
   365 | D        | Reached *** piety under Sif Muna
   366 | D        | Reached skill level 7 in Air Magic
   366 | D        | Reached XP level 3. HP: 18/19 MP: 1/9
   375 | D        | Noticed a floating eye
   376 | D        | Reached **** piety under Sif Muna
   377 | D        | Paralysed by a floating eye for 2 turns
   384 | D        | Paralysed by a floating eye for 3 turns
   388 | D        | Killed a floating eye
   389 | D        | Reached skill level 5 in Spellcasting
   389 | D        | Reached skill level 8 in Air Magic
   389 | D        | Reached XP level 4. HP: 13/27 MP: 4/13
   389 | D        | Reached XP level 5. HP: 15/31 MP: 4/14
   554 | D        | Learned a level 4 spell: Airstrike
   558 | D        | Learned a level 3 spell: Swiftness
   571 | D        | Reached skill level 9 in Air Magic
   610 | D        | Noticed a wolf
   615 | D        | Killed a wolf
   616 | D        | Reached XP level 6. HP: 36/36 MP: 6/15
   692 | D        | Reached skill level 10 in Air Magic
   837 | D        | Noticed a fire bat
   837 | D        | Noticed Pargi
   842 | D        | Reached ***** piety under Sif Muna
   848 | D        | Killed a fire bat
   848 | D        | Received a gift from Sif Muna
   849 | D        | Reached skill level 11 in Air Magic
   849 | D        | Reached XP level 7. HP: 37/40 MP: 2/16
   855 | D        | Killed Pargi
  1112 | D        | Noticed a merfolk
  1112 | D        | Noticed Urug
  1117 | D        | Reached skill level 12 in Air Magic
  1117 | D        | Reached skill level 10 in Invocations
  1143 | D        | Mangled by a merfolk

Illustrated notes

Levels and vault maps discovered:
D:        pitsprint [storerooms_1, entrance_room_1, metal_vault_3, armoury_1,
          mini_pit_1, grid_room_1, main_hall_1, silver_pit, the_coven_1,
          the_vestibule_1, steel_vault_4, golden_pit, hallway_of_sentries,
          crystal_vault_2, iron_vault_2, final_vault]

Skill      XL: |  1  2  3  4  5  6  7 |
---------------+----------------------+-----
Air Magic      | 5 7 8 9 11 12 | 12.0
Fighting       | 2 |  2.4
Dodging        | 4 |  4.6
Spellcasting   | 5 |  5.2
Invocations    | 3 6 9 10 | 10.0
Stealth        | |  2.4
Conjurations   | |  1.1

Action                   |  1- 3 |  4- 6 |  7- 9 || total
-------------------------+-------+-------+-------++-------
Melee: Quarterstaff      |    13 |     4 |     7 ||    24
 Cast: Shock             |    22 |    11 |     4 ||    37
       Airstrike         |       |     4 |    13 ||    17
       Static Discharge  |       |     2 |       ||     2
       Swiftness         |       |     1 |       ||     1
Invok: Channel Magic     |       |       |     2 ||     2
  Use: Potion            |       |     3 |     3 ||     6
       Scroll            |       |       |     1 ||     1
Armor: Robe              |     2 |     8 |     2 ||    12
Dodge: Dodged            |     4 |    22 |    20 ||    46

Table legend: (Time is in decaauts)
 A = Elapsed time spent in this place.
 B = Non-inter-level travel time spent in this place.
 C = Inter-level travel time spent in this place.
 D = Time resting spent in this place.
 E = Time spent auto-exploring this place.
 F = Levels seen in this place.
 G = Mean time per level.
                   A        B        C        D        E       F      G
               +--------+--------+--------+--------+--------+-----+--------+
         Total |   1150 |   1135 |     15 |    808 |      0 |   1 | 1150.0 |
       Dungeon |   1150 |   1135 |     15 |    808 |      0 |   1 | 1150.0 |
               +--------+--------+--------+--------+--------+-----+--------+

Top non-repeatable levels by time:
       D: 1150 daAuts
